 Dungeon Crawl Stone Soup version 0.28.0-43-g3370ac3207 (webtiles) character file.

Game seed: 5506921125108046816

41706 smarlow the Covert (level 14, -4/92 HPs)
             Began as an Octopode Conjurer on Mar 3, 2022.
             Was an Initiate of Gozag.
             Slain by a salamander
             ... wielding a +2 glaive of protection
              (15 damage)
             ... in a volcano.
             The game lasted 01:37:50 (29066 turns).

smarlow the Covert (Octopode Conjurer)             Turns: 29066, Time: 01:37:50

Health: -4/92      AC: 14    Str:  6    XL:     14   Next: 16%
Magic:  28/46      EV: 20    Int: 24    God:    Gozag
Gold:   2513       SH:  5    Dex: 12    Spells: 16/34 levels left

rFire   . . .      SeeInvis .   B - +7 rapier (venom)
rCold   . . .      Faith    .   V - orb {mayhem}
rNeg    . . .      Spirit   .   U - +1 hat
rPois   +          Reflect  +   Z - amulet of reflection
rElec   .          Harm     .   j - ring of magical power
rCorr   .          Rampage  .   k - +4 ring of protection
Will    ++...                   E - +4 ring of protection
Stlth   ++++++....              F - ring of magical power
HPRegen 0.25/turn               X - ring of flight
MPRegen 0.30/turn               G - ring of willpower
                                M - +4 ring of evasion
                                O - ring "Taack" {AC+4 Dex+2}

@: about to teleport, gold aura, flying, hasted, very quick
A: almost no armour, amphibious, 8 rings, camouflage 1, gelatinous body 1,
(nimble swimmer 1), tentacles, tentacle spike 1, clumsy 1, poison resistance,
noise suppression
a: Renounce Religion, Potion Petition, Call Merchant, Bribe Branch


You were in a volcano.
You worshipped Gozag.
Gozag was most pleased with you.
You visited 3 branches of the dungeon, and saw 19 of its levels.
You visited 1 bazaar.
You also visited: Ossuary and Volcano.

You collected 4296 gold pieces.
You spent 1677 gold pieces at shops.
You paid 106 gold pieces to Gozag.

Inventory:

Hand Weapons
 n - a +4 mace
 v - the +7 whip "Toavai Qoss" {spect, rN+}
   (You found it on level 11 of the Dungeon)

   When its wielder attacks, the weapon's spirit leaps out and strikes again.
   The spirit shares a part of any damage it takes with its wielder.
   rN:        It protects you from negative energy.
 B - a +7 rapier of venom (weapon)
Armour
 f - a +0 kite shield
 U - a +1 hat (worn)
 V - an orb of mayhem (worn)
Jewellery
 j - a ring of magical power (left tentacle)
 k - a +4 ring of protection (right tentacle)
 z - an amulet of the acrobat
 E - a +4 ring of protection (on tentacle)
 F - a ring of magical power (on tentacle)
 G - a ring of willpower (on tentacle)
 M - a +4 ring of evasion (on tentacle)
 O - the ring "Taack" (on tentacle) {AC+4 Dex+2}
   (You found it on level 11 of the Dungeon)

   [ring of protection]

   AC:        It affects your AC (+4).
   Dex:       It affects your dexterity (+2).
 X - a ring of flight (on tentacle)
 Z - an amulet of reflection (around mantle)
Wands
 A - a wand of paralysis (8)
 C - a wand of iceblast (16)
 I - a wand of mindburst (4)
 N - a wand of charming (8)
 R - a wand of acid (7)
 S - a wand of flame (25)
 T - a wand of digging (15)
 W - a wand of polymorph (6)
Scrolls
 e - 2 scrolls of enchant armour
 r - a scroll of immolation
 s - a scroll of summoning
 t - 2 scrolls of brand weapon
 y - 2 scrolls of enchant weapon
 H - 4 scrolls of magic mapping
 J - 3 scrolls of teleportation
 K - 2 scrolls of identify
 L - a scroll of fear
 P - a scroll of fog
 Y - a scroll of blinking {unknown}
Potions
 a - 4 potions of curing
 b - 3 potions of berserk rage
 c - 3 potions of attraction
 d - 2 potions of cancellation
 g - 2 potions of haste
 h - 3 potions of brilliance
 i - 3 potions of lignification
 l - 4 potions of ambrosia
 m - 2 potions of flight
 o - a potion of heal wounds
 p - 4 potions of might
 q - a potion of invisibility
 u - 3 potions of degeneration
 x - a potion of magic
 D - a potion of resistance
 Q - a potion of mutation


   Skills:
 + Level 7.1 Fighting
 + Level 6.1 Short Blades
 - Level 2.1 Maces & Flails
 + Level 8.5 Dodging
 * Level 12.8 Stealth
 + Level 7.2 Shields
 * Level 10.6 Spellcasting
 * Level 11.7 Conjurations
 - Level 5.3 Summonings
 - Level 5.1 Translocations


You had 16 spell levels left.
You knew the following spells:

 Your Spells              Type           Power      Damage    Failure   Level
a - Magic Dart            Conj           100%       1d8       1%          1
b - Searing Ray           Conj           100%       2d8       1%          2
c - Fulminant Prism       Conj/Hex       20%        3d13      4%          4
d - Iskenderun's Mystic   Conj/Tloc      52%        2d11      1%          4
e - Summon Small Mammal   Summ           100%       N/A       1%          1
f - Summon Guardian Gole  Hex/Summ       25%        N/A       4%          3
g - Frozen Ramparts       Ice            24%        1d4       16%         3

Your spell library contained the following spells:

 Spells                   Type           Power      Damage    Failure   Level
 Apportation              Tloc           74%        N/A       1%          1
 Shock                    Conj/Air       100%       1d9       1%          1
 Call Canine Familiar     Summ           38%        N/A       1%          3
 Conjure Flame            Conj/Fire      41%        6-21      1%          3
 Dazzling Flash           Conj/Hex       82%        N/A       1%          3
 Gell's Gravitas          Tloc           37%        N/A       1%          3
 Lesser Beckoning         Tloc           37%        N/A       1%          3
 Teleport Other           Tloc           37%        N/A       1%          3
 Animate Skeleton         Necr           24%        N/A       4%          1
 Beastly Appendage        Tmut           24%        N/A       4%          1
 Pain                     Necr           48%        1d6       4%          1
 Inner Flame              Hex/Fire       12%        N/A       16%         3
 Swiftness                Air            12%        N/A       16%         3
 Vampiric Draining        Necr           12%        2d6       16%         3
 Summon Forest            Summ/Tloc      18%        N/A       16%         5
 Summon Ice Beast         Ice/Summ       25%        N/A       17%         4
 Summon Mana Viper        Hex/Summ       25%        N/A       43%         5
 Airstrike                Air            6%         N/A       45%         4
 Ice Form                 Ice/Tmut       12%        N/A       45%         4
 Dispersal                Tloc           18%        N/A       65%         6
 Summon Cactus Giant      Summ           19%        N/A       65%         6
 Lee's Rapid Deconstruct  Erth           6%         3d7*      80%         5
 Ignition                 Fire           6%         3d4       100%        8


Dungeon Overview and Level Annotations

Branches:
Dungeon (14/15)            Temple (1/1) D:5            Lair (4/6) D:10
  Swamp (0/4) Lair:4       Spider (0/4) Lair:4          Orc (0/2) D:12
 Vaults (0/5) D:14        Ossuary (visited)         Volcano (1/1)

Altars:
Ashenzari
Cheibriados
Dithmenos
Elyvilon
Fedhas
Gozag
Hepliaklqana
Kikubaaqudgha
Makhleb
Nemelex Xobeh
Okawaru
Qazlal
Ru
Sif Muna
Trog
Uskayaw
Vehumet
Wu Jian
Xom
Yredelemnul
Zin
The Shining One

Shops:
D:1 [   D:5 =   D:6 [=[

Portals:
Abyss: D:3

Annotations:
D:13 2 runed translucent doors


Innate Abilities, Weirdness & Mutations

You cannot wear most types of armour.
You are amphibious.
You can wear up to eight rings at the same time.
Your skin changes colour to match your surroundings (Stealth+).
Your rubbery body absorbs attacks. (AC +1, EV +1)
((You are camouflaged when in or above water. (Stealth+)))
You have tentacles for arms and can constrict up to eight enemies at once.
One of your tentacles bears a spike.
You are clumsy. (Dex -2)
Your system is resistant to poisons. (rPois)
You passively dampen the noise of your surroundings.


Message History

The salamander is moderately wounded.
The salamander is distracted by your dazzling golden aura.
The salamander closely misses you.
Casting: Iskenderun's Mystic Blast (mildly dangerous; 1% risk of failure)
Confirm with . or Enter, or press ? or * to list all spells.
You erupt in a blast of force!
The mystic blast hits the salamander.
The salamander is lightly wounded.
The salamander is knocked back by the mystic blast.
The mystic blast hits the salamander!
The salamander is heavily wounded.
The salamander is knocked back by the mystic blast.
The salamander slams into the rock wall!
The salamander is heavily wounded.
The mystic blast hits the hell knight!
The hell knight is severely wounded.
The hell knight is knocked back by the mystic blast.
You feel yourself speed up.
The salamander hits you from afar with a +2 glaive of protection!
You are engulfed in flames!
As you read the scroll of teleportation, it crumbles to dust.
You feel strangely unstable.
The salamander hits you from afar with a +2 glaive of protection!!
* * * LOW HITPOINT WARNING * * *
You are engulfed in flames!
* * * LOW HITPOINT WARNING * * *
You block the hell knight's attack.
You feel much better.
The salamander is no longer distracted by gold.
The salamander misses you.
The hell knight hits you with a +0 scimitar of flaming!
* * * LOW HITPOINT WARNING * * *
The hell knight burns you.
* * * LOW HITPOINT WARNING * * *
The salamander mystic is distracted by your dazzling golden aura.
You feel much better.
The salamander hits you from afar with a +2 glaive of protection!!
* * * LOW HITPOINT WARNING * * *
You are engulfed in flames!
You die...
Your body crumbles into a pile of gold.

*****,,,*,,*,,,,............##.
**,,........≈§.§.§........#
***#.....≈≈≈§≈≈§§§§.....##
#N....≈≈§§≈≈≈§≈§≈.....#
#.....≈§§≈§≈≈§≈§.....##
*#.....≈§≈≈≈≈≈≈§≈.....#
*#.N...§§≈§§§≈≈......#
*#..N..≈.≈.≈.§...#.##
*#.@.............##*
##.p.#...##....##.#*
#.N$####.#######*#.§ ###.#* ###
*,.§ **#..** *,,§ **≈....**
*,,, *≈≈!∩$NN** **,,∩
*≈≈.[!$..* **,,,, **≈≈)p$.##
*,,,,≈


You could see a hell knight (fast), a salamander mystic and 3 salamanders.

Vanquished Creatures
  Gastronok (Lair:1)
  Harold (D:10)
  2 hydras
  A centaur warrior (D:13)
  3 two-headed ogres
  Erica (D:9)
  Sonja (D:12)
  A necromancer (D:14)
  A deep elf pyromancer (D:12)
  Pikel (D:7)
  A wizard (D:14)
  An ugly thing (D:13)
  2 cyclopes (D:12)
  An orc sorcerer (D:11)
  2 elephants (Lair:2)
  A salamander (Volcano)
  9 black mambas
  2 torpor snails (Lair:2)
  A gargoyle (D:12)
  Maggie (D:10)
  8 cane toads
  6 komodo dragons
  A kobold demonologist (D:11)
  Psyche (D:8)
  3 meliai (D:13)
  2 trolls
  10 hornets
  2 polar bears (Lair:2)
  Prince Ribbit (D:7)
  6 slime creatures
  A blink frog (Lair:2)
  A small abomination (D:3)
  4 water elementals
  A shadow (D:12)
  A vampire (D:11)
  16 humans (D:14)
  32 yaks
  2 wyverns
  Eustachio (D:6)
  4 vampire mosquitoes (D:12)
  3 wargs (D:10)
  Menkaure (D:6)
  2 acid dragons
  7 water moccasins
  Edmund (D:6)
  2 floating eyes (D:11)
  2 orc warriors
  2 ice beasts
  3 necrophages
  15 centaurs
  4 ogres
  17 wolves
  The ghost of Icepheonix32 the Firebug, an amateur DrFE (D:3)
  3 lemures (D:7)
  A phantom (D:5)
  A kobold brigand (D:7)
  7 bullfrogs
  A scorpion (D:5)
  3 killer bees (D:10)
  An electric eel (D:12)
  4 centaur zombies
  A crimson imp (D:3)
  5 hounds
  A bullfrog zombie (D:5)
  A bullfrog skeleton (D:6)
  2 jellies
  3 orc priests
  2 centaur skeletons
  7 orc wizards
  4 iguanas
  A hound zombie (D:5)
  A hound skeleton (D:5)
  8 mummies (Ossuary)
  Robin (D:2)
  A howler monkey zombie (D:9)
  4 gnolls
  9 adders
  A shadow imp (D:3)
  An ufetubus (D:4)
  A worm (D:4)
  3 dart slugs
  23 orcs
  5 endoplasms
  5 giant cockroaches (D:1)
  3 gnoll zombies (Ossuary)
  12 goblins
  9 hobgoblins
  17 kobolds
  5 quokkas
  13 ball pythons
  4 bats (D:1)
  3 frilled lizards
  A hobgoblin zombie (Ossuary)
  A kobold zombie (Ossuary)
  3 orc zombies (Ossuary)
  7 rats
386 creatures vanquished.

Vanquished Creatures (collateral kills)
  A yak (Lair:2)
  A kobold brigand (D:9)
  A goblin (D:1)
  2 frilled lizards (D:1)
  A kobold (D:1)
  A rat (D:1)
7 creatures vanquished.

Vanquished Creatures (others)
  A boulder beetle (D:11)
  A deep elf pyromancer (D:10)
  A yak (Lair:2)
  55 fulminant prisms
  12 fungi
  21 plants
91 creatures vanquished.

Grand Total: 484 creatures vanquished

Notes
Turn   | Place    | Note
-------+----------+-------------------------------------------
     0 | D:1      | smarlow the Octopode Conjurer began the quest for the Orb.
     0 | D:1      | Reached XP level 1. HP: 11/11 MP: 3/3
   305 | D:1      | Reached skill level 3 in Stealth
   305 | D:1      | Reached XP level 2. HP: 17/17 MP: 3/5
   404 | D:1      | Found a faded altar of an unknown god.
   606 | D:1      | Found Pyroprox's Antique Armour Boutique.
  1264 | D:1      | Noticed a troll
  1313 | D:2      | Reached XP level 3. HP: 21/21 MP: 3/6
  1460 | D:2      | Noticed Robin
  1494 | D:3      | Found a transporter.
  1497 | D:3      | Noticed a small abomination
  1776 | D:3      | Found a transporter.
  1778 | D:3      | Found a one-way gate to the infinite horrors of the Abyss.
  1778 | D:3      | Noticed Icepheonix32's ghost (amateur DrFE)
  2130 | D:3      | Reached XP level 4. HP: 11/27 MP: 0/8
  2325 | D:3      | Learned a level 4 spell: Fulminant Prism
  2805 | D:4      | Noticed an ogre
  3371 | D:2      | Killed Robin
  3372 | D:2      | Reached skill level 4 in Stealth
  3372 | D:2      | Reached XP level 5. HP: 31/31 MP: 1/9
  4243 | D:4      | Noticed a necrophage
  4266 | D:5      | Entered Level 5 of the Dungeon
  4614 | D:3      | Killed a necrophage
  4615 | D:3      | Reached skill level 5 in Conjurations
  4615 | D:3      | Reached XP level 6. HP: 34/36 MP: 4/11
  4618 | D:3      | Learned a level 2 spell: Searing Ray
  4676 | D:3      | Learned a level 4 spell: Iskenderun's Mystic Blast
  5835 | D:4      | Reached skill level 5 in Stealth
  5835 | D:4      | Reached XP level 7. HP: 41/41 MP: 2/13
  6305 | D:5      | Found Toshry's Jewellery Boutique.
  6877 | D:5      | Found a staircase to the Ecumenical Temple.
  6885 | Temple   | Entered the Ecumenical Temple
  7078 | Temple   | Became a worshipper of Gozag Ym Sagoz the Greedy
  7274 | D:5      | Reached skill level 6 in Stealth
  7274 | D:5      | Reached skill level 5 in Spellcasting
  7274 | D:5      | Reached XP level 8. HP: 40/46 MP: 1/15
  8027 | D:6      | Noticed Menkaure
  8027 | D:6      | Found Beares's Armour Shoppe.
  8061 | D:6      | Noticed Eustachio
  8142 | D:6      | Found Vumetepp's Jewellery Boutique.
  8251 | D:6      | Reached skill level 1 in Maces & Flails
  8390 | D:6      | Found a sand-covered staircase.
  8394 | Ossuary  | Entered an ossuary
  8522 | Ossuary  | Reached skill level 1 in Fighting
  8522 | Ossuary  | Reached skill level 1 in Shields
  9129 | D:6      | Killed Menkaure
  9759 | D:6      | Killed Eustachio
  9760 | D:6      | Reached skill level 7 in Stealth
  9760 | D:6      | Reached XP level 9. HP: 47/54 MP: 8/17
 10061 | D:6      | Noticed Edmund
 10183 | D:7      | Reached skill level 5 in Dodging
 10411 | D:7      | Noticed Pikel
 10420 | D:7      | Noticed Prince Ribbit
 10917 | D:7      | Reached skill level 1 in Short Blades
 11130 | D:5      | Bought a +4 ring of protection for 504 gold pieces
 11130 | D:5      | Bought a ring of magical power for 280 gold pieces
 11303 | D:6      | Found Pahim's Armour Shoppe.
 11365 | D:6      | Killed Edmund
 11645 | D:7      | Killed Prince Ribbit
 11696 | D:7      | Killed Pikel
 11859 | D:7      | Noticed a hornet
 12269 | D:8      | Reached skill level 8 in Stealth
 12297 | D:8      | Learned a level 1 spell: Summon Small Mammal
 12368 | D:8      | Noticed Psyche
 12435 | D:8      | Found a sparkling altar of Nemelex Xobeh.
 12732 | D:9      | Noticed Erica
 12819 | D:9      | Reached XP level 10. HP: 62/63 MP: 20/20
 13055 | D:9      | Learned a level 3 spell: Summon Guardian Golem
 13251 | D:9      | Noticed a two-headed ogre
 13261 | D:9      | Killed a two-headed ogre
 13262 | D:9      | Reached skill level 1 in Summonings
 13262 | D:9      | Reached skill level 1 in Translocations
 13621 | D:10     | Entered Level 10 of the Dungeon
 13621 | D:10     | Noticed a two-headed ogre
 13635 | D:10     | Killed a two-headed ogre
 13896 | D:10     | Noticed Harold
 13924 | D:10     | Killed Harold
 14160 | D:10     | Noticed a deep elf pyromancer
 14201 | D:10     | Learned a level 3 spell: Frozen Ramparts
 14255 | D:10     | Killed a deep elf pyromancer
 14474 | D:10     | Noticed a deep elf pyromancer
 14525 | D:10     | Found a staircase to the Lair.
 14701 | D:10     | Reached XP level 11. HP: 69/69 MP: 22/22
 14704 | D:10     | Reached skill level 9 in Stealth
 14938 | D:10     | Noticed Maggie
 15041 | D:9      | Killed Erica
 15260 | D:6      | Bought a +4 ring of evasion for 468 gold pieces
 15433 | D:8      | Killed Psyche
 16201 | D:10     | Killed Maggie
 16659 | D:11     | Identified the ring "Taack" {AC+4 Dex+2}
 16704 | D:11     | Found a gateway to a bazaar.
 16715 | D:11     | Noticed a boulder beetle
 16828 | Bazaar   | Entered a bazaar
 17007 | Bazaar   | Found Fiumifal's Armour Emporium.
 17007 | Bazaar   | Found Hazi's General Store.
 17029 | Bazaar   | Found Xosats's Armour Shoppe.
 17045 | Bazaar   | Found Yplyl's Distillery.
 17045 | Bazaar   | Found Fiyf's Antique Weapon Shoppe.
 17100 | Bazaar   | Bought a potion of degeneration for 17 gold pieces
 17198 | Bazaar   | Bought a potion of mutation for 136 gold pieces
 17198 | Bazaar   | Bought 2 potions of magic for 272 gold pieces
 17198 | Bazaar   | Gained mutation: Your body sometimes deteriorates upon
                  | taking damage. [potion of mutation]
 17198 | Bazaar   | Gained mutation: You are partially covered in large bone
                  | plates. (SH +4) [potion of mutation]
 17199 | Bazaar   | Lost mutation: You are partially covered in large bone
                  | plates. (SH +4) [potion of mutation]
 17199 | Bazaar   | Lost mutation: Your body sometimes deteriorates upon taking
                  | damage. [potion of mutation]
 17199 | Bazaar   | Gained mutation: You are clumsy. (Dex -2) [potion of
                  | mutation]
 17199 | Bazaar   | Gained mutation: Your system is resistant to poisons.
                  | (rPois) [potion of mutation]
 17199 | Bazaar   | Gained mutation: One of your tentacles bears a spike.
                  | [potion of mutation]
 17199 | Bazaar   | Gained mutation: You passively dampen the noise of your
                  | surroundings. [potion of mutation]
 17388 | D:11     | Got First Steps in Witchcraft
 17408 | D:11     | Identified the +7 whip "Toavai Qoss" {spect, rN+}
 17670 | D:11     | Paralysed by a floating eye for 2 turns
 17675 | D:11     | Paralysed by a floating eye for 4 turns
 17722 | D:11     | Reached skill level 5 in Shields
 17727 | D:11     | Reached skill level 5 in Fighting
 17732 | D:11     | Noticed an orc sorcerer
 17736 | D:11     | Killed an orc sorcerer
 18289 | D:12     | Noticed a deep elf pyromancer
 18702 | D:3      | Killed Icepheonix32's ghost
 18906 | D:7      | Reached XP level 12. HP: 77/77 MP: 24/24
 19143 | D:12     | Noticed a two-headed ogre
 19156 | D:12     | Killed a two-headed ogre
 19157 | D:12     | Reached skill level 10 in Stealth
 19226 | D:12     | Found a staircase to the Orcish Mines.
 19278 | D:12     | Noticed Sonja
 20102 | D:12     | Reached skill level 5 in Short Blades
 20399 | D:12     | Reached skill level 10 in Conjurations
 21196 | D:12     | Killed Sonja
 21968 | D:13     | Found a runed translucent door.
 21969 | D:13     | Found a runed translucent door.
 21969 | D:13     | Noticed a yaktaur captain
 21970 | D:13     | Noticed a five-headed hydra
 21971 | D:13     | Noticed a deep troll earth mage
 21971 | D:13     | Noticed a lich
 22444 | D:14     | Identified the +0 ring mail of Luuwonoy {+Inv rN+ rCorr
                  | Int+2}
 22468 | D:14     | Reached skill level 5 in Summonings
 22468 | D:14     | Reached XP level 13. HP: 83/83 MP: 26/26
 22572 | D:14     | Found a gate to the Vaults.
 22572 | D:14     | Noticed a vault guard
 22572 | D:14     | Noticed a vault guard
 22820 | D:13     | Reached skill level 5 in Translocations
 23163 | D:11     | Reached skill level 11 in Stealth
 23523 | Lair:1   | Entered Level 1 of the Lair of Beasts
 24497 | Lair:1   | Identified the +7 dagger of the Fifty Violins {pain, rF+
                  | Dex+4}
 24600 | Lair:1   | Noticed Gastronok
 24629 | Lair:1   | Killed Gastronok
 24630 | Lair:1   | Reached skill level 10 in Spellcasting
 25389 | Lair:2   | Got the Handbook of Indecent Exposure
 26067 | Lair:2   | Reached skill level 12 in Stealth
 27792 | Lair:3   | Reached XP level 14. HP: 92/92 MP: 28/28
 28314 | Lair:3   | Identified the +3 great mace of Annihilation {drain, Int-3
                  | Dex+2 SInv Stlth+}
 29017 | Lair:4   | Found a dark tunnel.
 29022 | Volcano  | Entered a volcano
 29064 | Volcano  | HP: 1/92 [salamander/+2 glaive of protection (14)]
 29066 | Volcano  | Slain by a salamander

Illustrated notes

Levels and vault maps discovered:
D:1:      erik_arrival_cave_to_civilisation [erik_arrival_cave_to_temple],
          layout_basic, nicolae_ecumenical_snake_handling, serial_shops, shop
D:2:      layout_basic, minmay_misc_feat_x, minmay_misc_feat_tower, uniq_robin
D:3:      layout_basic, gammafunk_ghost_abyssal_escape,
          chequers_serial_rivers_micro_a, roderic_three_in_a_row,
          minmay_misc_feat_four_crosses, minivault_23
D:4:      layout_basic, minmay_snake_closets
D:5:      layout_rooms, minmay_temple_entry_stoned_glass, serial_shops,
          shop_fountains, grunt_ministairs_10, kennysheep_decorative_pillar
D:6:      layout_loops_cross, serial_shops, nicolae_stop_n_shop_2,
          nicolae_shop_waterfront, kennysheep_little_box,
          lightli_ossuary_entry_decrepit_ruins, uniq_eustachio, uniq_edmund,
          uniq_menkaure
D:7:      wander_river, layout_basic, kennysheep_generic_room_3,
          uniq_prince_ribbit1, uniq_pikel
D:8:      layout_loops_cross, lemuel_tele_altar, uniq_psyche
D:9:      layout_long_grid, minivault_10, chequers_arboretum, uniq_erica
D:10:     layout_roguey, erik_lair_orcish_takeover, minmay_misc_feat_cross,
          uniq_harold, uniq_maggie
D:11:     hellmonk_paralyzer, layout_loops_ring, serial_shops, bzr_entry_dummy
D:12:     layout_basic, orc_david_3, uniq_sonja
D:13:     layout_basic, muffindrake_ghost_dual_entry, nicolae_ru_awakened_eye
D:14:     layout_basic, grunt_vaults_entry_tiered, nrook_uturn
Temple:   minmay_crystal_snake_temple
Lair:1:   layout_chaotic_city, uniq_gastronok
Lair:2:   nzn_winding_woodlands_cross [nzn_winding_woodlands_5x15_default,
          nzn_winding_woodlands_5x15_cabin,
          nzn_winding_woodlands_5x15_split_checker,
          nzn_winding_woodlands_5x15_parted,
          nzn_winding_woodlands_15x15_boxy_spiral], layout_concentric_octagons,
          minmay_shattered_shrine
Lair:3:   layout_concentric_octagons
Lair:4:   layout_small_grid, minmay_swamp_entry_worms,
          nicolae_spider_entry_tight_spaces, nicolae_volcano_entry_s_turn,
          serial_rivers, chequers_serial_rivers_small_b,
          chequers_serial_rivers_micro_e, chequers_serial_rivers_micro_b,
          chequers_serial_rivers_room_a, chequers_serial_rivers_small_a,
          basic_altar
Volcano:  volcano_pools

Skill      XL: |  1  2  3  4  5  6  7  8  9 10 11 12 13 |
---------------+----------------------------------------+-----
Stealth        | 3 4 5 6 7 8 9 10 12 | 12.8
Spellcasting   | 3 4 5 6 7 8 9 10 | 10.6
Dodging        | 3 4 5 6 7 8 |  8.5
Conjurations   | 5 6 7 8 9 10 11 | 11.7
Maces & Flails | 2 |  2.1
Fighting       | 2 3 4 5 6 7 |  7.1
Shields        | 2 3 4 5 6 7 |  7.2
Short Blades   | 2 3 4 5 6 |  6.1
Summonings     | 2 3 5 |  5.3
Translocations | 2 3 4 5 |  5.1

Action                   |  1- 3 |  4- 6 |  7- 9 | 10-12 | 13-15 || total
-------------------------+-------+-------+-------+-------+-------++-------
Melee: Rapier            |       |       |     1 |     8 |    65 ||    74
       Punch             |       |       |       |     1 |     1 ||     2
       Kick              |       |       |       |     2 |    29 ||    31
       Tentacles         |       |       |       |     1 |    13 ||    14
       Constrict         |       |       |       |       |    12 ||    12
Throw: Throwing net      |       |       |       |       |     2 ||     2
 Cast: Magic Dart        |    78 |   131 |   147 |   157 |    67 ||   580
       Searing Ray       |       |     4 |    56 |    86 |    29 ||   175
       Fulminant Prism   |       |     2 |    22 |    26 |     5 ||    55
       Iskenderun's Myst |       |       |     8 |   157 |   127 ||   292
       Summon Small Mamm |       |       |       |    13 |     1 ||    14
       Summon Guardian G |       |       |       |     5 |     1 ||     6
       Frozen Ramparts   |       |       |       |     2 |       ||     2
Evoke: Wand              |       |       |       |       |     1 ||     1
  Use: Scroll            |       |    10 |     7 |    15 |     9 ||    41
       Potion            |       |       |       |     7 |     5 ||    12
 Stab: Sleeping          |       |       |       |     1 |    26 ||    27
Armor: Skin              |     7 |     5 |    10 |    32 |    21 ||    75
Dodge: Dodged            |    31 |    33 |    83 |   145 |   135 ||   427
Block: Orb               |       |       |       |       |    10 ||    10
